cohdb
Replays
Latest Replays
All Replays
Popular Replays
Top Player Replays
Match Explorer
How It Works
Community
CoH3 Stats
Reddit
Sign in to upload your games and track your stats! →
Sign in with Steam
Match 39340055
Unlisted
Match 39340055
Overview
Messages
Build Orders
End
Construct Weapon Support Center
Selects Armored Battlegroup
Selects Assault Engineers
M1919 Machine Gun Team
Assault Engineer Squad
Assault Engineer Squad
Construct Barracks
M1 Mortar Team
Mechanized Support Center
Assault Engineer Squad
M3 Armored Personnel Carrier
Selects Fast Deploy
M3 Armored Personnel Carrier
M3 Armored Personnel Carrier
Construct Tank Depot
抖音雨哲QAQ
ColdFusion
Беашел
Agent-S
insane
moon
no coffee
八佰
0
0
Comments
sign in to comment!
No comments posted yet!